MID
DAYTON DRAGONS @ PEORIA CHIEFS
07/26/2099
 
TOP OF THE 1ST
Dayton Dragons batting - Pitching for Peoria Chiefs : LHP Travis Yeager
Pitching: LHP Travis Yeager
Batting: LHB Scott Guinan 0-0: Ball
1-0: Called Strike
1-1: Ball
2-1: Ball
3-1: Ground out 5-3 (Groundball, 56S, EV 70.6 MPH)
Batting: LHB Troy Gallagher 0-0: Called Strike
0-1: Ball
1-1: Foul Ball, location: 25FF
1-2: Foul Ball, location: 2F
1-2: Ball
2-2: Foul Ball, location: 7LSF
2-2: Foul Ball, location: 2F
2-2: Foul Ball, location: 2F
2-2: Ball
3-2: Ground out 6-3 (Groundball, 6, EV 82.5 MPH)
Batting: RHB Justin Allan 0-0: Foul Ball, location: 2F
0-1: Ground out 6-3 (Groundball, 6, EV 105.6 MPH)
Top of the 1st over - 0 runs, 0 hits, 0 errors, 0 left on base; Dayton 0 - Peoria 0
BOTTOM OF THE 1ST
Peoria Chiefs batting - Pitching for Dayton Dragons : RHP Tony Mercado
Pitching: RHP Tony Mercado
Batting: RHB Matt Carter 0-0: Ball
1-0: Swinging Strike
1-1: Ground out 5-3 (Groundball, 15, EV 80.6 MPH)
Batting: RHB Roberto Ortiz 0-0: Swinging Strike
0-1: Swinging Strike
0-2: Ball
1-2: Ground out 5-3 (Groundball, 56S, EV 88.1 MPH)
Batting: SHB Justin Willis 0-0: Foul Ball, location: 7LMF
0-1: Fly out, F6 (Line Drive, 6, EV 66.9 MPH)
Bottom of the 1st over - 0 runs, 0 hits, 0 errors, 0 left on base; Dayton 0 - Peoria 0
TOP OF THE 2ND
Dayton Dragons batting - Pitching for Peoria Chiefs : LHP Travis Yeager
Batting: SHB Ray Bennett 0-0: Foul Ball, location: 5FF
0-1: Foul Ball, location: 2F
0-2: Ball
1-2: Fly out, F9 (Line Drive, 89S, EV 87.5 MPH)
Batting: RHB Antonio Villasenor 0-0: Ball
1-0: Called Strike
1-1: Ball
2-1: Ball
3-1: Base on Balls
Batting: LHB Alec Nieves 0-0: Ball
1-0: Grounds into double play, 4-6-3 (Groundball, 4, EV 86.9 MPH)
Top of the 2nd over - 0 runs, 0 hits, 0 errors, 0 left on base; Dayton 0 - Peoria 0
BOTTOM OF THE 2ND
Peoria Chiefs batting - Pitching for Dayton Dragons : RHP Tony Mercado
Batting: RHB Scott Tetreault 0-0: Ball
1-0: Ball
2-0: Ground out 4-3 (Groundball, 34, EV 88.8 MPH)
Batting: RHB Jose Pineiro 0-0: Ball
1-0: Foul Ball, location: 2F
1-1: Ball
2-1: Ground out 6-3 (Groundball, 6, EV 88.1 MPH)
Batting: RHB Jose Romero 0-0: Fly out, F6 (Popup, 6, EV 56.9 MPH)
Bottom of the 2nd over - 0 runs, 0 hits, 0 errors, 0 left on base; Dayton 0 - Peoria 0
TOP OF THE 3RD
Dayton Dragons batting - Pitching for Peoria Chiefs : LHP Travis Yeager
Batting: LHB Kevin Martin 0-0: Foul Ball, location: 2F
0-1: Foul Ball, location: 7LMF
0-2: Strikes out swinging
Batting: LHB Steve Alger 0-0: Ball
1-0: Called Strike
1-1: Foul Ball, location: 9LMFF
1-2: Ball
2-2: Strikes out looking
Batting: RHB Jay Charlton 0-0: Ground out 4-3 (Groundball, 4, EV 86.9 MPH)
Top of the 3rd over - 0 runs, 0 hits, 0 errors, 0 left on base; Dayton 0 - Peoria 0
BOTTOM OF THE 3RD
Peoria Chiefs batting - Pitching for Dayton Dragons : RHP Tony Mercado
Batting: RHB Collin Lund 0-0: Called Strike
0-1: Ball
1-1: Foul Ball, location: 2F
1-2: Ball
2-2: Ground out 4-3 (Groundball, 4S, EV 68.1 MPH)
Batting: RHB Nate Abreu 0-0: Foul Ball, location: 9LDF
0-1: Ball
1-1: Foul Ball, location: 2F
1-2: Fly out, F7 (Flyball, 78D, EV 96.9 MPH)
Batting: RHB Justin Holden 0-0: Called Strike
0-1: Ball
1-1: Ball
2-1: Ball
3-1: Base on Balls
Batting: RHB Matt Carter 0-0: Called Strike
0-1: Called Strike
0-2: Strikes out swinging
Bottom of the 3rd over - 0 runs, 0 hits, 0 errors, 1 left on base; Dayton 0 - Peoria 0
TOP OF THE 4TH
Dayton Dragons batting - Pitching for Peoria Chiefs : LHP Travis Yeager
Batting: LHB Scott Guinan 0-0: Foul Ball, location: 23FF
0-1: SINGLE (Line Drive, 89S, EV 105.6 MPH)
Batting: LHB Troy Gallagher 0-0: Ball
1-0: Ball
2-0: Called Strike
2-1: Foul Ball, location: 3F
2-2: Strikes out looking
Batting: RHB Justin Allan 0-0: Ball
1-0: Ball
2-0: Foul Ball, location: 5FF
2-1: Called Strike
2-2: Strikes out looking
Batting: SHB Ray Bennett 0-0: Ball
Scott Guinan steals 2nd base
1-0: Called Strike
1-1: Ball
2-1: Ball
3-1: Foul Ball, location: 9LDF
3-2: Fly out, F8 (Flyball, 8RM, EV 90.0 MPH)
Top of the 4th over - 0 runs, 1 hit, 0 errors, 1 left on base; Dayton 0 - Peoria 0
BOTTOM OF THE 4TH
Peoria Chiefs batting - Pitching for Dayton Dragons : RHP Tony Mercado
Batting: RHB Roberto Ortiz 0-0: Fly out, F8 (Flyball, 8RM, EV 81.9 MPH)
Batting: SHB Justin Willis 0-0: Ball
1-0: Ball
2-0: Ball
3-0: Called Strike
3-1: Base on Balls
Batting: RHB Scott Tetreault 0-0: Ball
1-0: DOUBLE (Line Drive, 89D, EV 109.4 MPH)
Justin Willis to third
Batting: RHB Jose Pineiro 0-0: Swinging Strike
0-1: Foul Ball, location: 2F
0-2: Ball
1-2: Foul Ball, location: 2F
1-2: Ball
2-2: Strikes out swinging
Batting: RHB Jose Romero 0-0: Called Strike
0-1: Swinging Strike
0-2: Foul Ball, location: 7LSF
0-2: Foul Ball, location: 2F
0-2: Foul Ball, location: 7LDF
0-2: Ball
1-2: Ground out 5-3 (Groundball, 5, EV 85.6 MPH)
Bottom of the 4th over - 0 runs, 1 hit, 0 errors, 2 left on base; Dayton 0 - Peoria 0
TOP OF THE 5TH
Dayton Dragons batting - Pitching for Peoria Chiefs : LHP Travis Yeager
Batting: RHB Antonio Villasenor 0-0: Called Strike
0-1: Foul Ball, location: 23FF
0-2: Ground out 6-3 (Groundball, 6, EV 91.3 MPH)
Batting: LHB Alec Nieves 0-0: Called Strike
0-1: Swinging Strike
0-2: Strikes out swinging
Batting: LHB Kevin Martin 0-0: Swinging Strike
0-1: Swinging Strike
0-2: Ball
1-2: Ball
2-2: Foul Ball, location: 2F
2-2: Foul Ball, location: 5F
2-2: Foul Ball, location: 5SF
2-2: Foul Ball, location: 2F
2-2: Strikes out swinging
Top of the 5th over - 0 runs, 0 hits, 0 errors, 0 left on base; Dayton 0 - Peoria 0
BOTTOM OF THE 5TH
Peoria Chiefs batting - Pitching for Dayton Dragons : RHP Tony Mercado
Batting: RHB Collin Lund 0-0: Ball
1-0: Ball
2-0: Foul Ball, location: 25F
2-1: Ball
3-1: Ground out 5-3 (Groundball, 56S, EV 88.1 MPH)
Batting: RHB Nate Abreu 0-0: Fly out, F4 (Popup, 4M, EV 73.8 MPH)
Batting: RHB Justin Holden 0-0: Ball
1-0: Called Strike
1-1: Foul Ball, location: 23F
1-2: Strikes out swinging
Bottom of the 5th over - 0 runs, 0 hits, 0 errors, 0 left on base; Dayton 0 - Peoria 0
TOP OF THE 6TH
Dayton Dragons batting - Pitching for Peoria Chiefs : LHP Travis Yeager
Batting: LHB Steve Alger 0-0: Called Strike
0-1: Ball
1-1: Ground out 6-3 (Groundball, 6, EV 82.5 MPH)
Batting: RHB Jay Charlton 0-0: Foul Ball, location: 9LDF
0-1: Ball
1-1: Ball
2-1: Fly out, F8 (Flyball, 8RD, EV 106.9 MPH)
Batting: LHB Scott Guinan 0-0: Ball
1-0: Called Strike
1-1: Ball
2-1: Foul Ball, location: 3DF
2-2: Ball
3-2: Base on Balls
Batting: LHB Troy Gallagher 0-0: Ball
1-0: Ball
2-0: Ball
3-0: Base on Balls
Scott Guinan to second
Pitching: LHP Ignacio Andrade
Batting: RHB Justin Allan 0-0: Ball
1-0: Ball
2-0: Fly out, F9 (Flyball, 89D, EV 94.4 MPH)
Top of the 6th over - 0 runs, 0 hits, 0 errors, 2 left on base; Dayton 0 - Peoria 0
BOTTOM OF THE 6TH
Peoria Chiefs batting - Pitching for Dayton Dragons : RHP Tony Mercado
Batting: RHB Matt Carter 0-0: Called Strike
0-1: Ball
1-1: Ball
2-1: Ball
3-1: Base on Balls
Batting: RHB Roberto Ortiz 0-0: Swinging Strike
0-1: Ball
1-1: Bunt missed!
Balk!
Matt Carter to second
1-2: DOUBLE (Line Drive, 5D, EV 108.1 MPH)
Matt Carter scores
Pitching: LHP Pete Eckstrom
Batting: SHB Justin Willis 0-0: Called Strike
0-1: Foul Ball, location: 7LMF
0-2: Foul Ball, location: 3SF
0-2: Foul Ball, location: 5FF
0-2: Ball
1-2: Ball
2-2: Foul Ball, location: 9LDF
2-2: Ground out 5-3 (Groundball, 5L, EV 90.6 MPH)
Now at 3B: Jacob Morrow
Batting: RHB Scott Tetreault 0-0: Called Strike
0-1: Called Strike
0-2: Strikes out looking
Batting: RHB Jose Pineiro 0-0: Ball
1-0: Ball
2-0: Swinging Strike
2-1: Called Strike
2-2: Foul Ball, location: 2F
2-2: Foul Ball, location: 9LDF
2-2: Ball
3-2: Strikes out looking
Bottom of the 6th over - 1 run, 1 hit, 0 errors, 1 left on base; Dayton 0 - Peoria 1
TOP OF THE 7TH
Dayton Dragons batting - Pitching for Peoria Chiefs : LHP Ignacio Andrade
Pitching: RHP Marco Monje
Batting: SHB Ray Bennett 0-0: SOLO HOME RUN (Flyball, 89XD, EV 99.4 MPH), Distance : 387 ft
Batting: RHB Jacob Morrow 0-0: Called Strike
0-1: Called Strike
0-2: Ball
1-2: Foul Ball, location: 2F
1-2: Foul Ball, location: 9LSF
1-2: Foul Ball, location: 5DF
1-2: Hit by Pitch
Batting: LHB Alec Nieves 0-0: Ball
1-0: Ball
2-0: Ball
3-0: Called Strike
3-1: Fielders Choice at 2nd, 1-6 (Groundball, 34S, EV 66.3 MPH)
Batting: LHB Kevin Martin 0-0: Called Strike
0-1: Foul Ball, location: 2LF
0-2: Ball
1-2: Ball
2-2: Fly out, F6 (Line Drive, 6, EV 68.8 MPH)
Batting: LHB Steve Alger 0-0: Ball
1-0: Ball
2-0: Ball
3-0: Called Strike
3-1: Base on Balls
Alec Nieves to second
Pinch Hitting: LHB Josh Southerland 0-0: SINGLE (Groundball, 56, EV 101.3 MPH)
Alec Nieves to third
Steve Alger to second
Runner from 3rd tries for Home, SAFE, throw by LF to home
Batting: LHB Scott Guinan 0-0: Called Strike
0-1: Ground out 4-3 (Groundball, 34, EV 93.8 MPH)
Top of the 7th over - 2 runs, 2 hits, 0 errors, 2 left on base; Dayton 2 - Peoria 1
BOTTOM OF THE 7TH
Peoria Chiefs batting - Pitching for Dayton Dragons : LHP Pete Eckstrom
Now at 1B: Josh Neumann
Now at 2B: Dan Altman
Now in LF: Scott Guinan
Now in RF: Liosvany Koehler
Batting: RHB Jose Romero 0-0: Called Strike
0-1: Fly out, F8 (Flyball, 8RD, EV 104.4 MPH)
Batting: RHB Collin Lund 0-0: Fly out, F8 (Flyball, 8RXD, EV 96.9 MPH)
Batting: RHB Nate Abreu 0-0: Ball
1-0: Ball
2-0: Called Strike
2-1: Foul Ball, location: 2F
2-2: Fly out, F9 (Flyball, 9LS, EV 98.8 MPH)
Bottom of the 7th over - 0 runs, 0 hits, 0 errors, 0 left on base; Dayton 2 - Peoria 1
TOP OF THE 8TH
Dayton Dragons batting - Pitching for Peoria Chiefs : RHP Marco Monje
Pitching: RHP Javy Ybarra
Batting: LHB Troy Gallagher 0-0: Ball
1-0: Swinging Strike
1-1: Called Strike
1-2: Strikes out swinging
Batting: RHB Justin Allan 0-0: Called Strike
0-1: SINGLE (Groundball, 56S, EV 65.6 MPH) (infield hit)
Batting: SHB Ray Bennett 0-0: Ball
1-0: Ball
2-0: Called Strike
2-1: Foul Ball, location: 7LSF
2-2: Strikes out swinging
Batting: RHB Jacob Morrow 0-0: Ball
1-0: Foul Ball, location: 2F
1-1: Fly out, F9 (Flyball, 9S, EV 93.8 MPH)
Top of the 8th over - 0 runs, 1 hit, 0 errors, 1 left on base; Dayton 2 - Peoria 1
BOTTOM OF THE 8TH
Peoria Chiefs batting - Pitching for Dayton Dragons : LHP Pete Eckstrom
Pinch Hitting: RHB Scott DeMarinis 0-0: Called Strike
0-1: Fly out, F4 (Line Drive, 4, EV 73.8 MPH)
Pitching: RHP Edgar Aquino
Batting: RHB Matt Carter 0-0: Called Strike
0-1: Foul Ball, location: 5F
0-2: Ball
1-2: Ball
2-2: Fly out, F7 (Flyball, 7D, EV 108.1 MPH)
Batting: RHB Roberto Ortiz 0-0: Called Strike
0-1: Fly out, F7 (Line Drive, 7D, EV 85.0 MPH)
Bottom of the 8th over - 0 runs, 0 hits, 0 errors, 0 left on base; Dayton 2 - Peoria 1
TOP OF THE 9TH
Dayton Dragons batting - Pitching for Peoria Chiefs : RHP Javy Ybarra
Now in CF: Akuntha Udutha
Batting: LHB Liosvany Koehler 0-0: Ball
1-0: SINGLE (Groundball, 34D, EV 95.0 MPH)
Batting: RHB Dan Altman 0-0: Foul Ball, location: 25F
0-1: Ball
Liosvany Koehler is caught stealing 2nd base 2-4
1-1: Ball
2-1: Ball
3-1: Ground out 6-3 (Groundball, 6, EV 94.4 MPH)
Batting: LHB Steve Alger 0-0: Ball
1-0: Called Strike
1-1: Called Strike
1-2: Ground out 4-3 (Groundball, 4M, EV 79.4 MPH)
Top of the 9th over - 0 runs, 1 hit, 0 errors, 0 left on base; Dayton 2 - Peoria 1
BOTTOM OF THE 9TH
Peoria Chiefs batting - Pitching for Dayton Dragons : RHP Edgar Aquino
Batting: SHB Justin Willis 0-0: Called Strike
0-1: Ball
1-1: Foul Ball, location: 7LMF
1-2: Foul Ball, location: 3FF
1-2: Ground out U3 (Groundball, 3, EV 80.6 MPH)
Batting: RHB Scott Tetreault 0-0: Swinging Strike
0-1: Ball
1-1: Ball
2-1: Ball
3-1: SINGLE (Groundball, 56, EV 101.3 MPH)
Batting: RHB Jose Pineiro 0-0: Ball
1-0: Called Strike
1-1: Fly out, F4 (Popup, 4D, EV 58.1 MPH)
Batting: RHB Jose Romero 0-0: Ball
1-0: Called Strike
1-1: Foul Ball, location: 2F
1-2: Ball
2-2: Foul Ball, location: 2F
2-2: Fly out, F7 (Flyball, 7D, EV 100.6 MPH)
Bottom of the 9th over - 0 runs, 1 hit, 0 errors, 1 left on base; Dayton 2 - Peoria 1
Sunday, May 12th , 2024 - OOTP Baseball 24.11 Build 85